 Dungeon Crawl Stone Soup version 0.19.1-1-g22dce08 (webtiles) character file.

330 Macro the Cutter (level 6, 0/42 HPs)
             Began as a Halfling Fighter on Jan 15, 2017.
             Was a Follower of Fedhas.
             Slain by an orc priest (2 damage)
             ... on level 4 of the Dungeon on Jan 16, 2017.
             The game lasted 00:33:48 (2517 turns).

Macro the Cutter (Halfling Fighter)                 Turns: 2517, Time: 00:33:48

Health: 0/42       AC:  7    Str: 19    XL:     6   Next: 81%
Magic:  6/6        EV: 16    Int:  6    God:    Fedhas [*.....]
Gold:   131        SH: 11    Dex: 19    Spells: 0 memorised, 5 levels left

rFire  . . .     SeeInvis .     a - +0 rapier
rCold  . . .     Gourm    .     w - +0 ring mail {rPois}
rNeg   . . .     Faith    .     c - +0 shield
rPois  +         Spirit   .     g - +0 helmet
rElec  .         Reflect  .     (no cloak)
rCorr  .         Harm     .     (no gloves)
MR     .....                    (no boots)
Stlth  ++........               (no amulet)
                                (no ring)
                                (no ring)

@: agile, exhausted, slowed, very slow
A: mutation resistance 1
a: Fungal Bloom, Evolution, Renounce Religion


You were on level 4 of the Dungeon.
You worshipped Fedhas.
Fedhas was aware of your devotion.
You were not hungry.

You visited 1 branch of the dungeon, and saw 4 of its levels.

You collected 131 gold pieces.

Inventory:

Hand Weapons
 a - a +0 rapier (weapon)
Missiles
 p - 35 stones (quivered)
Armour
 c - a +0 shield (worn)
 g - a +0 helmet (worn)
 w - a +0 ring mail of poison resistance (worn)
Wands
 t - a wand of paralysis (6/24)
Scrolls
 e - 2 scrolls of fear {unknown}
 h - 5 scrolls of identify {unknown}
 i - a scroll of enchant armour {unknown}
 j - 2 scrolls of teleportation {unknown}
 k - a scroll of blinking {unknown}
 n - 2 scrolls of fog {unknown}
 r - a scroll of enchant weapon {unknown}
Potions
 d - 2 potions of might
Comestibles
 f - 4 bread rations
 l - 3 fruits
 q - a beef jerky
 v - 2 meat rations


   Skills:
 + Level 3.4 Fighting
 + Level 5.5 Short Blades
 + Level 0.4 Throwing
 + Level 4.1 Armour
 + Level 1.5 Dodging
 + Level 4.5 Shields


You had 5 spell levels left.
You didn't know any spells.

Dungeon Overview and Level Annotations

Branches:
Dungeon (4/15)
 Temple: D:4-7

Altars:
Fedhas
Trog


Innate Abilities, Weirdness & Mutations

You are small and have problems with some larger weapons.
You are somewhat resistant to further mutation.


Message History

The orc priest is moderately wounded.
You hear the slow hiss of a distant avalanche of sand.
You are no longer berserk.
You are exhausted.
You feel yourself slow down.
You puncture the orc priest!
The orc priest is almost dead.
The orc priest misses you. The orc priest hits you.
* * * LOW HITPOINT WARNING * * *
You completely miss the orc priest.
The orc priest is almost dead.
The orc priest calls down the wrath of Beogh upon you.
Pain shoots through your body!
* * * LOW HITPOINT WARNING * * *
The orc priest closely misses you.
You hit the orc priest but do no damage.
The orc priest is almost dead.
The orc priest hits you.
You die...
Fedhas appreciates your contribution to the ecosystem.

#.......#...........#
###...#.#.÷.####....^.#
...........## #.#...##
#..##.....## #.##.##
#..........# #># .#
...#.#f..........# .#
##++# #.).....##### .#
≈≈.o≈ #).....## .#
≈...o≈#@#...##
..⌠...'o##.## ...⌠..'.#
.# ≈....≈### <# ≈≈..≈≈
##++##


You could see an orc priest and a friendly wandering mushroom.

Vanquished Creatures
  An ogre (D:3)
  The ghost of nono2 the Shield-Bearer, a weakling HaFi (D:4)
  An orc wizard (D:4)
  7 adders
  3 oozes
  3 worms
  3 dart slugs
  5 orcs
  4 ball pythons
  4 giant cockroaches
  18 goblins
  12 hobgoblins
  2 jackals (D:3)
  A quokka (D:3)
  5 bats (D:2)
  6 frilled lizards
  9 kobolds
  7 rats
92 creatures vanquished.

Vanquished Creatures (collateral kills)
  A bat (D:3)
1 creature vanquished.

Vanquished Creatures (others)
  A wandering mushroom (D:3)
  37 toadstools
38 creatures vanquished.

Grand Total: 131 creatures vanquished

Notes
Turn   | Place    | Note
-------+----------+-------------------------------------------
     0 | D:1      | Macro the Halfling Fighter began the quest for the Orb.
     0 | D:1      | Reached XP level 1. HP: 15/15 MP: 1/1
   101 | D:1      | Reached XP level 2. HP: 12/20 MP: 2/2
   314 | D:1      | Reached XP level 3. HP: 25/25 MP: 3/3
   475 | D:1      | Reached skill level 3 in Short Blades
   903 | D:2      | Reached XP level 4. HP: 29/31 MP: 4/4
  1024 | D:2      | Found a blossoming altar of Fedhas.
  1028 | D:2      | Became a worshipper of Fedhas Madash
  1204 | D:2      | Reached skill level 4 in Short Blades
  1724 | D:3      | Reached XP level 5. HP: 36/36 MP: 5/5
  1856 | D:3      | Noticed an ogre
  1884 | D:3      | Killed an ogre
  1884 | D:3      | Reached skill level 5 in Short Blades
  1884 | D:3      | Reached skill level 1 in Dodging
  1884 | D:3      | Reached XP level 6. HP: 23/42 MP: 6/6
  1891 | D:3      | Reached * piety under Fedhas
  2210 | D:3      | Noticed a moth of wrath
  2212 | D:3      | Found a bloodstained altar of Trog.
  2427 | D:4      | Noticed nono2's ghost (weakling HaFi)
  2451 | D:4      | Killed nono2's ghost
  2516 | D:4      | HP: 2/42 [orc priest/nerve-wracking pain (2)]
  2517 | D:4      | Slain by an orc priest

Skill      XL: |  1  2  3  4  5  6 |
---------------+-------------------+-----
Short Blades   | 3 4 5 |  5.5
Fighting       | 3 |  3.4
Shields        | 4 |  4.5
Dodging        | 1 |  1.5
Armour         | 4 |  4.1
Throwing       | |  0.4

Action                   |  1- 3 |  4- 6 || total
-------------------------+-------+-------++-------
Melee: Rapier            |   105 |   233 ||   338
Throw: Stone             |       |    11 ||    11
Invok: Fungal Bloom      |       |    12 ||    12
       Evolution         |       |     2 ||     2
  Use: Potion            |       |     4 ||     4
  Eat: Chunk             |       |     6 ||     6
Armor: Scale mail        |    36 |    40 ||    76
       Ring mail         |       |    15 ||    15
Dodge: Dodged            |    39 |    85 ||   124
Block: Shield            |    39 |   107 ||   146
